 Dungeon Crawl Stone Soup version 0.22-a0-815-gb582571 (webtiles) character file.

2898 Amnesiac the Thaumaturge (level 9, 0/57 HPs)
             Began as a Mummy Earth Elementalist on July 23, 2018.
             Was an Initiate of Vehumet.
             Slain by a centaur zombie (3 damage)
             ... animated by the malice of Kikubaaqudgha
             ... on level 7 of the Dungeon.
             The game lasted 00:18:11 (8551 turns).

Amnesiac the Thaumaturge (Mummy Earth Elementalist) Turns: 8551, Time: 00:18:12

Health: 0/57       AC:  6    Str: 11    XL:     9   Next: 49%
Magic:  6/22       EV: 12    Int: 18    God:    Vehumet [......]
Gold:   321        SH:  0    Dex: 12    Spells: 7/27 levels left

rFire    . . .     SeeInvis +   a - +5 dagger (drain)
rCold    + + .     Gourm    .   (no shield)
rNeg     + + +     Faith    +   i - +2 robe {rC+}
rPois    ∞         Spirit   .   o - +1 hat
rElec    .         Reflect  .   (no cloak)
rCorr    .         Harm     .   q - +0 pair of gloves
MR       +....                  (no boots)
Stlth    ++........             g - amulet of faith
HPRegen  0.19/turn              j - ring of protection from fire
MPRegen  0.18/turn              s - ring of see invisible

@: no status effects
A: no food or potions, fire vulnerability, cold resistance 1, negative energy
resistance 3, torment resistance, unbreathing
a: Renounce Religion


You were on level 7 of the Dungeon.
You worshipped Vehumet.
Vehumet was noncommittal.
You were not hungry.

You visited 2 branches of the dungeon, and saw 9 of its levels.
You also visited: Ossuary.

You collected 321 gold pieces.

Inventory:

Hand Weapons
 a - a +5 dagger of draining (weapon)
Missiles
 k - 88 stones (quivered)
 n - 5 exploding tomahawks
Armour
 c - the +6 scale mail of the Farrier {rF+ rN+, unknown}
   (You found it on level 7 of the Dungeon)

   It protects you from fire.
   It protects you from negative energy.
 i - a +2 robe of cold resistance (worn)
 m - a +1 shield
 o - a +1 hat (worn)
 q - a +0 pair of gloves (worn)
Jewellery
 e - a +4 amulet of reflection
 g - an amulet of faith (around neck)
 j - a ring of protection from fire (left hand)
 s - a ring of see invisible (right hand)
Wands
 b - a wand of flame (18)
 r - a wand of iceblast (7)
Scrolls
 d - 3 scrolls of remove curse {!r}
 f - 2 scrolls of blinking {!r}
 h - a scroll of teleportation {!r}
 p - 5 scrolls of identify {!r}


   Skills:
 - Level 1.5 Dodging
 - Level 1.5 Stealth
 + Level 9.5 Spellcasting
 - Level 0.7 Transmutations
 * Level 9.4 Earth Magic


You had 7 spell levels left.
You knew the following spells:

 Your Spells              Type           Power        Failure   Level  Hunger
a - Sandblast             Erth           #####.       1%          1    N/A
b - Passwall              Tmut/Erth      ####....     1%          2    N/A
c - Stone Arrow           Conj/Erth      ####..       3%          3    N/A
d - Lee's Rapid Deconstr  Erth           #####.....   4%          5    N/A
e - Petrify               Tmut/Erth      ####....     11%         4    N/A
f - Borgnjor's Vile Clut  Necr/Erth      ####......   32%         5    N/A

Your spell library contained the following spells:

 Spells                   Type           Power        Failure   Level  Hunger
 Pain                     Necr           #...         9%          1    N/A
 Animate Skeleton         Necr           N/A          9%          1    N/A
 Vampiric Draining        Necr           #.........   26%         3    N/A
 Dispel Undead            Necr           #.......     93%         5    N/A
 Corpse Rot               Necr           N/A          13%         2    N/A
 Death Channel            Necr           #.........   100%        6    N/A
 Simulacrum               Ice/Necr       #.........   100%        6    N/A
 Excruciating Wounds      Chrm/Necr      #.........   93%         5    N/A

Dungeon Overview and Level Annotations

Branches:
Dungeon (8/15)             Temple (1/1) D:4
   Lair: D:8-11

Altars:
Ashenzari
Cheibriados
Dithmenos
Elyvilon
Fedhas
Gozag
Hepliaklqana
Kikubaaqudgha
Makhleb
Nemelex Xobeh
Okawaru
Qazlal
Ru
Sif Muna
Trog
Uskayaw
Vehumet
Wu Jian
Xom
Yredelemnul
Zin
The Shining One
Lugonu

Annotations:
D:4 sking99's ghost, amateur DrFE
D:7 Harold


Innate Abilities, Weirdness & Mutations

You do not eat or drink.
Your flesh is vulnerable to fire.
You are immune to poison.
Your flesh is cold resistant. (rC+)
You are immune to negative energy. (rN+++)
You are immune to unholy pain and torment.
You can survive without breathing.


Message History

The orc warrior zombie hits you but does no damage.
You hit the orc warrior zombie.
The orc warrior zombie is almost destroyed.
The orc warrior zombie hits you with a long sword.
You hit the orc warrior zombie but do no damage.
The orc warrior zombie is almost destroyed.
You hit the orc warrior zombie but do no damage.
The orc warrior zombie is almost destroyed.
The orc warrior zombie hits you but does no damage.
You hit the orc warrior zombie but do no damage.
The orc warrior zombie is almost destroyed.
The orc warrior zombie hits you but does no damage.
You puncture the orc warrior zombie!
You destroy the orc warrior zombie!
That felt strangely unrewarding.
Casting: Petrify (safe; 11% risk of failure)
Confirm with . or Enter, or press ? or * to list all spells.
Aiming: Petrify (safe; 11% risk of failure)
Press: ? - help, Shift-Dir - straight line, f - centaur zombie
Aim: a centaur zombie (chance to defeat MR: 68%)
The centaur zombie struggles to resist.
The centaur zombie hits you. x2
* * * LOW HITPOINT WARNING * * *
You hit the centaur zombie.
The centaur zombie is lightly damaged.
The centaur zombie barely misses you.
You barely miss the centaur zombie.
The centaur zombie is lightly damaged.
The centaur zombie barely misses you.
Casting: Petrify (safe; 11% risk of failure)
Confirm with . or Enter, or press ? or * to list all spells.
Aiming: Petrify (safe; 11% risk of failure)
Press: ? - help, Shift-Dir - straight line, f/p - centaur zombie
Aim: a centaur zombie (lightly damaged, chance to defeat MR: 68%)
The centaur zombie struggles to resist.
The centaur zombie misses you.
You hit the centaur zombie.
The centaur zombie is lightly damaged.
The centaur zombie hits you but does no damage. x2
You hit the centaur zombie.
The centaur zombie is moderately damaged.
The centaur zombie hits you!
* * * LOW HITPOINT WARNING * * *
You barely miss the centaur zombie.
The centaur zombie is moderately damaged.
The centaur zombie hits you but does no damage.
Casting: Petrify (safe; 11% risk of failure)
Confirm with . or Enter, or press ? or * to list all spells.
Aiming: Petrify (safe; 11% risk of failure)
Press: ? - help, Shift-Dir - straight line, f/p - centaur zombie
Aim: a centaur zombie (moderately damaged, chance to defeat MR: 68%)
The centaur zombie struggles to resist.
The centaur zombie barely misses you. The centaur zombie hits you.
* * * LOW HITPOINT WARNING * * *
You hit the centaur zombie.
The centaur zombie is heavily damaged.
The centaur zombie hits you.
* * * LOW HITPOINT WARNING * * *
You hit the centaur zombie.
The centaur zombie is heavily damaged.
The centaur zombie hits you!
* * * LOW HITPOINT WARNING * * *
You hit the centaur zombie.
The centaur zombie is severely damaged.
The centaur zombie hits you.
You die...

# #..###..........
#..#)#.....>####
#..###......#
#........####
#..(.....# #####.##.#
##.##.# #.#...# ###
##.##@# ##.## ####Z#
###...## #.# #...#).#
#.# #..##..# #.#
#.####.#### ###### #.#
#.# #.....##
.....###########.####.#
##.#...#
....<.................#
####..##
....................>.#
##..#


You could see a centaur zombie.

Vanquished Creatures
  Eustachio (D:7)
  A water moccasin (D:5)
  A two-headed ogre skeleton (D:8)
  2 orc warriors
  An ice beast (D:7)
  2 ogres
  2 phantoms
  2 eyes of draining (D:6)
  2 manticore skeletons (D:8)
  2 necrophages
  A crocodile (D:6)
  A hippogriff zombie (D:8)
  3 elf zombies (Ossuary)
  3 bullfrogs
  A wyvern skeleton (D:7)
  2 scorpions (D:4)
  4 wights
  A yak skeleton (D:8)
  3 howler monkeys
  A centaur zombie (D:7)
  2 crimson imps
  A centaur skeleton (D:5)
  A hound (D:4)
  A black bear skeleton (D:7)
  3 jellies
  3 iguanas
  2 bullfrog skeletons
  4 orc wizards
  3 worker ants
  4 hound skeletons
  A worker ant zombie (D:7)
  3 mummies (Ossuary)
  A howler monkey zombie (D:5)
  5 gnolls
  3 adders
  An orc zombie (D:7)
  An orc skeleton (D:8)
  2 shadow imps (D:6)
  2 oozes
  An iguana skeleton (D:7)
  An iguana zombie (D:8)
  A worm zombie (D:8)
  3 adder skeletons
  2 adder zombies (D:7)
  2 worms
  4 dart slugs
  5 leopard geckos
  13 orcs
  2 ball pythons
  4 giant cockroaches
  8 goblins
  8 hobgoblins
  2 jackals (D:2)
  3 quokkas
  7 bats
  9 frilled lizards
  A gnoll zombie (Ossuary)
  A goblin skeleton (D:7)
  5 hobgoblin zombies (Ossuary)
  9 kobolds
  4 kobold zombies
  2 leopard gecko skeletons (D:6)
  A quokka skeleton (D:7)
  16 rats
193 creatures vanquished.

Vanquished Creatures (others)
  6 fungi (D:7)
  9 plants (D:7)
15 creatures vanquished.

Grand Total: 208 creatures vanquished

Notes
Turn   | Place    | Note
-------+----------+-------------------------------------------
     0 | D:1      | Amnesiac the Mummy Earth Elementalist began the quest for the Orb.
     0 | D:1      | Reached XP level 1. HP: 13/13 MP: 4/4
   312 | D:1      | Reached XP level 2. HP: 12/19 MP: 5/5
   318 | D:1      | Learned a level 2 spell: Passwall
   814 | D:2      | Reached XP level 3. HP: 9/24 MP: 7/7
   819 | D:2      | Learned a level 3 spell: Stone Arrow
  1111 | D:2      | Found a blossoming altar of Fedhas.
  1648 | D:3      | Reached XP level 4. HP: 18/30 MP: 4/9
  1695 | D:3      | Learned a level 4 spell: Petrify
  2080 | D:4      | Reached XP level 5. HP: 35/35 MP: 6/11
  2111 | D:4      | Found a staircase to the Ecumenical Temple.
  2120 | Temple   | Entered the Ecumenical Temple
  2143 | Temple   | Became a worshipper of Kikubaaqudgha
  2202 | D:4      | Found a sand-covered staircase.
  2230 | Ossuary  | Entered an ossuary
  2230 | Ossuary  | Noticed a wraith
  2230 | Ossuary  | Noticed a wraith
  2230 | Ossuary  | Noticed a wraith
  2290 | Ossuary  | Reached XP level 6. HP: 28/41 MP: 0/13
  2500 | Ossuary  | Reached skill level 5 in Spellcasting
  2500 | Ossuary  | Reached skill level 5 in Earth Magic
  2510 | Ossuary  | Learned a level 5 spell: Lee's Rapid Deconstruction
  2826 | Ossuary  | Noticed a wraith
  3203 | D:1      | Reached * piety under Kikubaaqudgha
  3203 | D:1      | Identified Kikubaaqudgha's Volume of Sinister Rites (Kikubaaqudgha gifted it to you on level 1 of the Dungeon)
  3203 | D:1      | Received a gift from Kikubaaqudgha
  4027 | D:4      | Found a radiant altar of Vehumet.
  4077 | D:4      | Reached XP level 7. HP: 13/46 MP: 9/15
  4528 | D:4      | Found a transporter.
  4528 | D:4      | Found a transporter.
  4528 | D:4      | Noticed sking99's ghost (amateur DrFE)
  4720 | D:5      | Entered Level 5 of the Dungeon
  4872 | D:5      | Found a glowing silver altar of Zin.
  5004 | D:5      | Reached ** piety under Kikubaaqudgha
  5054 | D:5      | Reached XP level 8. HP: 32/52 MP: 9/18
  5068 | D:5      | Found a white marble altar of Elyvilon.
  5228 | D:5      | Found a basalt altar of Yredelemnul.
  5490 | D:6      | Found a shattered altar of Ashenzari.
  5572 | D:6      | Found a bloodstained altar of Trog.
  5665 | D:6      | Found an ornate altar of the Wu Jian Council.
  5665 | D:6      | Found an iron altar of Okawaru.
  5666 | D:6      | Found a shadowy altar of Dithmenos.
  5666 | D:6      | Found a snail-covered altar of Cheibriados.
  5667 | D:6      | Found an opulent altar of Gozag.
  5667 | D:6      | Found a hide-covered altar of Uskayaw.
  5668 | D:6      | Found a shimmering altar of Xom.
  5701 | D:6      | Found a sparkling altar of Nemelex Xobeh.
  5755 | D:6      | Reached *** piety under Kikubaaqudgha
  5755 | D:6      | Identified Kikubaaqudgha's Guide on Evil (Kikubaaqudgha gifted it to you on level 6 of the Dungeon)
  5755 | D:6      | Received a gift from Kikubaaqudgha
  5763 | D:6      | Learned a level 5 spell: Borgnjor's Vile Clutch
  5829 | D:4      | Fell from the grace of Kikubaaqudgha
  5829 | D:4      | Became a worshipper of Vehumet
  6193 | D:6      | Reached XP level 9. HP: 45/57 MP: 21/21
  6247 | D:7      | Noticed Harold
  7325 | D:7      | Got a shimmering scale mail
  7763 | D:7      | Noticed Eustachio
  7774 | D:7      | Killed Eustachio
  8551 | D:7      | Slain by a centaur zombie

Vault maps used:
D:1:      lemuel_arrival_muddy
D:2:      lemuel_crystal_altar, corexii_leaking_fountain
D:4:      vehumet_altar_wand_db, temple_hall, nicolae_ossuary_entry_plus,
          gammafunk_ghost_smash
D:5:      yredelemnul_altar_generic, old_standard_altar, first_ration,
          basic_altar
D:6:      grunt_temple_overflow_open, nemelex_xobeh_ov_fountains_minmay,
          trog_eyes_of_draining, minmay_small_thing
D:7:      kennysheep_seaside_town, sword_in_stone, uniq_harold
D:8:      cheibrodos_shockbox, minmay_lair_entry_grove, the_bakery, uniq_grum,
          uniq_prince_ribbit1, uniq_psyche
Temple:   corrupted_temple
Ossuary:  ossuary_kennysheep_city_of_the_dead

Skill      XL: |  1  2  3  4  5  6  7  8  9 |
---------------+----------------------------+-----
Spellcasting   | 3 4 5 6 8 9 |  9.5
Earth Magic    | 3 4 5 6 8 9 |  9.4
Dodging        | |  1.5
Stealth        | |  1.5
Transmutations | |  0.7

Action                   |  1- 3 |  4- 6 |  7- 9 || total
-------------------------+-------+-------+-------++-------
Melee: Dagger            |    87 |   241 |   309 ||   637
       Mace              |    16 |       |       ||    16
 Cast: Sandblast         |    15 |    44 |   103 ||   162
       Passwall          |       |     5 |     1 ||     6
       Petrify           |       |       |    16 ||    16
       Lee's Rapid Decon |       |       |    14 ||    14
       Borgnjor's Vile C |       |       |     1 ||     1
  Use: Scroll            |     3 |     6 |     6 ||    15
 Stab: Sleeping          |     1 |     3 |       ||     4
       Distracted        |       |       |     1 ||     1
       Petrified         |       |       |    35 ||    35
       Petrifying        |       |       |     1 ||     1
Armor: Robe              |    21 |    48 |    74 ||   143
Dodge: Dodged            |    69 |   127 |   179 ||   375
Block: Other             |    10 |    31 |     4 ||    45

Table legend:
 A = Spawn XP
 B = Non-spawn XP
 C = Spawn XP percentage of total XP
 D = Spawn monster count
 E = Non-spawn monster count
 F = Spawn count percentage of total count
 G = Total turns spent on level
                    A         B        C        D         E        F      G
               +---------+---------+-------+---------+---------+-------+---------
         Total |       0 |    4140 |   0.0 |       0 |     171 |   0.0 |  8551
               +---------+---------+-------+---------+---------+-------+---------
           D:1 |       0 |      63 |   0.0 |       0 |      33 |   0.0 |  1099
           D:2 |       0 |      48 |   0.0 |       0 |      26 |   0.0 |  1221
           D:3 |       0 |     110 |   0.0 |       0 |      17 |   0.0 |   764
           D:4 |       0 |     534 |   0.0 |       0 |      22 |   0.0 |  1078
           D:5 |       0 |     834 |   0.0 |       0 |      23 |   0.0 |   764
           D:6 |       0 |    1044 |   0.0 |       0 |      20 |   0.0 |   899
           D:7 |       0 |    1170 |   0.0 |       0 |      15 |   0.0 |  1335
       Ossuary |       0 |     337 |   0.0 |       0 |      15 |   0.0 |   685
               +---------+---------+-------+---------+---------+-------+---------
